 Dungeon Crawl Stone Soup version 0.30.0-29-ga12c61a403 (webtiles) character file.

Game seed: 3375661879800001508

502 Descartes the Shield-Bearer (level 7, -3/50 (55) HPs)
             Began as a Formicid Fighter on June 21, 2023.
             Slain by an orc
             ... wielding a +0 hand axe
             ... led by the wrath of Beogh
              (8 damage)
             ... in a sewer.
             The game lasted 00:07:08 (3035 turns).

Descartes the Shield-Bearer (Formicid Fighter)      Turns: 3035, Time: 00:07:12

HP:   -3/50 (55)    AC:  8    Str: 22    XL:     7   Next: 40%
MP:   7/7           EV:  9    Int:  8    God:
Gold: 209           SH:  5    Dex: 13    Spells: 6/6 levels left

rFire   + . .        q - +7 hammer "Ginot" {freeze, +Blink rF+}
rCold   . . .        c - +0 buckler
rNeg    . . .        b - +0 scale mail
rPois   .            (helmet unavailable)
rElec   .            (no cloak)
rCorr   .            e - +0 pair of gloves
SInv    +            (no boots)
Will    .....        (no amulet) Stlth
                     (no ring)
HPRegen 0.28/turn    (no ring)
MPRegen 0.10/turn

%: no passive effects
@: drained
A: permanent stasis, dig shafts and tunnels, antennae 3, four strong arms
a: Dig


You were in a sewer.
You visited 1 branch of the dungeon, and saw 4 of its levels.
You also visited: Sewer.

You collected 209 gold pieces.

Inventory:

Hand Weapons
 a - a +0 war axe
 m - a +1 dagger of holy wrath
 o - a +3 quarterstaff of chaos
 q - the +7 hammer "Ginot" (weapon) {freeze, +Blink rF+}
   (You found it on level 3 of the Dungeon)

   rF:        It protects you from fire.
   +Blink:    It lets you blink.
Missiles
 g - 5 poisoned darts
Armour
 b - a +0 scale mail (worn)
 c - a +0 buckler (worn)
 e - a +0 pair of gloves (worn)
 p - a +1 cloak of preservation
Jewellery
 k - a ring of positive energy
Scrolls
 i - 4 scrolls of identify
 r - a scroll of immolation {unknown}
Potions
 d - a potion of heal wounds
 h - 2 potions of curing
 l - a potion of flight
 n - a potion of brilliance
 s - a potion of magic


   Skills:
 + Level 4.6 Fighting
 - Level 3.0(3.2) Axes
 + Level 1.5(2.4) Maces & Flails
 + Level 4.6 Armour
 + Level 5.5 Shields
 + Level 2.3 Translocations
 + Level 3.0 Evocations


You had 6 spell levels left.
You didn't know any spells.
Your spell library was empty.

Dungeon Overview and Level Annotations

Branches:
Dungeon (4/15)              Sewer (1/1)
 Temple: D:4-7

Altars:
Kikubaaqudgha
Nemelex Xobeh
Vehumet


Innate Abilities, Weirdness & Mutations

You cannot be hasted, slowed, berserked, paralysed or teleported.
You can dig through walls and to a lower floor.
You have a pair of large antennae on your head. (SInv)
Your four strong arms can wield two-handed weapons with a shield.


Message History

Nemelex Xobeh makes you draw from the deck of Punishment.
You draw a card...
You have drawn Wrath.
Beogh sends forth an army of orcs. 8 orcs and a warg come into view.
Argrim the orc warlord is wielding a +1 battleaxe and wearing a +4 plate armour of ponderousness.
An orc is wielding a +0 club and quivering silver boomerangs.
Unknown command.
You hit the orc warrior. You freeze the orc warrior.
The orc warrior is lightly wounded.
As you read the scroll labelled GESTI NAG TADO, it crumbles to dust.
It is a scroll of identify.
f - a scroll of poison The orc hits you but does no damage.
You block the orc's attack. You block Argrim's attack.
The orc warrior hits you with a +0 scimitar.
You hit the orc warrior. You freeze the orc warrior.
The orc warrior is moderately wounded.
The orc misses you.
Argrim roars a battlecry!
The orcs go into a battle-frenzy!
The orc barely misses you.
The orc warrior hits you with a +0 scimitar.
It was a potion of magic.
Magic courses through your body. You block the orc warrior's attack.
The orc hits you with a +0 flail.
Okay, then.
Really read the scroll of poison?
Okay, then.
Really read the scroll of poison?
The air fills with toxic fumes!
As you read the scroll of poison, it crumbles to dust.
You block the orc's attack. You block the orc warrior's attack.
The orc hits you with a +0 hand axe.
Okay, then.
As you read the scroll labelled XOSONU XAECS, it crumbles to dust.
Your body is wracked with pain!
Argrim convulses!
The orc warrior convulses!
The orc convulses! x3; The warg convulses!
The orc convulses! x2
The orc priest convulses!
It was a scroll of torment.
The orc warrior hits you with a +0 scimitar!
* * * LOW HITPOINT WARNING * * *
You block the orc's attack. The orc hits you with a +0 hand axe!
You die...

###
##o#
#oo#
##oo#{
#@o##
#oo#
#h§# {
##§##{{
{ #§§#
#§§#{
#§§# {
#§§#
#~~#


You could see Argrim the orc warlord, a warg, an orc warrior (strong), an orc
priest (strong) and 5 orcs.

Vanquished Creatures
  Grinder (D:3)
  A phantom (D:3)
  Crazy Yiuf (D:3)
  Terence (D:2)
  6 adders
  2 worms (D:4)
  2 dart slugs
  10 orcs (D:3)
  6 bats
  3 endoplasms
  3 giant cockroaches
  13 goblins
  9 hobgoblins
  11 jackals
  7 kobolds
  2 quokkas
  7 ball pythons
  9 frilled lizards
  4 rats
98 creatures vanquished.

Notes
Turn   | Place    | Note
-------+----------+-------------------------------------------
     0 | D:1      | Descartes the Formicid Fighter began the quest for the Orb.
     0 | D:1      | Reached XP level 1. HP: 18/18 MP: 1/1
   157 | D:1      | Reached XP level 2. HP: 24/24 MP: 2/2
   349 | D:1      | Found a faded altar of an unknown god.
   394 | D:1      | Prayed at the altar of an unknown god.
   394 | D:1      | Became a worshipper of Nemelex Xobeh the Trickster
   394 | D:1      | Reached * piety under Nemelex Xobeh
   402 | D:1      | Fell from the grace of Nemelex Xobeh
   436 | D:1      | Reached skill level 1 in Evocations
   611 | D:1      | Reached XP level 3. HP: 24/27 MP: 3/3
  1037 | D:2      | Noticed Terence
  1396 | D:2      | Reached skill level 1 in Translocations
  1462 | D:2      | Killed Terence
  1463 | D:2      | Reached XP level 4. HP: 7/37 MP: 4/4
  1890 | D:3      | Reached XP level 5. HP: 42/42 MP: 5/5
  1907 | D:3      | Noticed a phantom
  1919 | D:3      | Killed a phantom
  2003 | D:3      | Reached XP level 6. HP: 34/48 MP: 6/6
  2120 | D:3      | Found a runed translucent door.
  2121 | D:3      | Noticed Crazy Yiuf
  2130 | D:3      | Killed Crazy Yiuf
  2131 | D:3      | Reached skill level 5 in Shields
  2135 | D:3      | Identified the +7 hammer "Ginot" {freeze, +Blink rF+}
  2399 | D:3      | Noticed Grinder
  2414 | D:3      | Killed Grinder
  2415 | D:3      | Reached skill level 1 in Maces & Flails
  2415 | D:3      | Reached XP level 7. HP: 24/55 MP: 7/7
  2859 | D:4      | Found a radiant altar of Vehumet.
  2859 | D:4      | Found an ancient bone altar of Kikubaaqudgha.
  3011 | D:4      | Found a glowing drain.
  3016 | Sewer    | Entered a sewer
  3030 | Sewer    | Noticed Argrim
  3030 | Sewer    | Noticed a warg
  3035 | Sewer    | Slain by an orc

Illustrated notes

Levels and vault maps discovered:
D:1:      tarquinn_simple_flora_water_e, layout_basic,
          shapermc_ecumenical_altar_totnotflames
D:2:      kennysheep_the_goblin_king, layout_loops_ring, uniq_terence
D:3:      layout_basic, minmay_misc_feat_square, uniq_crazy_yiuf_cottage,
          uniq_grinder
D:4:      layout_loops_ring, nicolae_overflow_hidden_temple,
          gammafunk_ghost_necromancy, lightli_sewer_entry_pipes
Sewer:    sewer_frog_island_02

Skill      XL: |  1  2  3  4  5  6  7 |
---------------+----------------------+-----
Evocations     | 1 2 3 |  3.0
Translocations | 1 2 |  2.3
Fighting       | 4 |  4.6
Armour         | 4 |  4.6
Axes           | 3 |  3.0
Shields        | 5 |  5.5
Maces & Flails | 1 |  1.5

Action                     |  1- 3 |  4- 6 |  7- 9 || total
---------------------------+-------+-------+-------++-------
  Melee: War axe           |   120 |    68 |       ||   188
         Unarmed           |     7 |       |       ||     7
         Mace              |       |    18 |    50 ||    68
 Invoke: Renounce Religion |     1 |       |       ||     1
Ability: Dig               |       |       |     3 ||     3
    Use: Potion            |     1 |       |     5 ||     6
         Scroll            |       |       |     3 ||     3
 Armour: Scale mail        |    65 |    59 |    22 ||   146
  Dodge: Dodged            |    63 |    63 |    25 ||   151
  Block: Buckler           |    29 |    34 |    14 ||    77
